Map: Port Aleksander LE

Players

llllllllllll

  • Race: Protoss Protoss
  • Spawn Location: 11:00

NORTHAMERICA - Winner!

  • Race: Protoss Protoss
  • League: Master
  • Spawn Location: 5:00

VOD

Have the link to the VOD?

Description

Time

  • Played on: Jan. 24, 2019, 3:25 a.m.
  • Length: 20:01
Show
View Real Time Build Order
Export as new Build Order

llllllllllll Protoss 

Build Orders:  

Get SALT Encoding   

  12  0:00  Probe  
  13  0:13  Probe  
  14  0:18  Pylon  
  14  0:25  Probe  
  15  0:33  Probe  
  15  0:41  Gateway, Probe  
  16  0:48  Assimilator  
  17  0:51  Probe  
  18  0:57  Assimilator  
  18  1:00  Probe  
  19  1:08  Probe  
  19  1:15  Gateway  
  19  1:17  Probe  
  21  1:28  Cybernetics Core  
  21  1:30  Probe  
  22  1:38  Pylon  
  22  1:41  Warp Gate  
  22  1:42  Probe  
  23  1:56  Probe  
  24  2:04  Stalker  
  24  2:05  Sentry  
  28  2:13  Pylon  
  28  2:26  Robotics Facility  
  28  2:30  Pylon  
  28  2:45  Stalker x2  
  32  2:53  Gateway  
  32  3:08  Warp Prism  
  32  3:15  Stalker x2  
  38  3:22  Pylon  
  38  3:34  Pylon  
  38  3:43  Shield Battery  
  38  3:44  Shield Battery  
  38  3:57  Observer  
  38  3:59  Adept  
  38  4:00  Adept  
  43  4:04  Stalker  
  37  4:30  Stalker x3  
  43  4:56  Stalker x3  
  49  5:12  Immortal  
  53  5:30  Sentry  
  55  5:35  Pylon  
  55  5:44  Pylon  
  55  5:53  Immortal  
  55  6:01  Pylon  
  59  6:24  Observer  
  59  6:27  Immortal  
  59  6:31  Twilight Council  
  61  6:50  Sentry  
  61  6:51  Sentry  
  61  6:52  Stalker  
  67  7:12  Nexus  
  67  7:20  Immortal  
  52  7:50  Blink  
  52  7:53  Observer  
  35  8:13  Stalker x3  
  40  8:20  Probe, Immortal  
  40  8:23  Probe  
  45  8:36  Shield Battery, Probe  
  46  8:47  Stalker  
  48  8:49  Stalker  
  50  9:06  Stalker  
  52  9:10  Pylon  
  44  9:29  Stalker x2  
  44  9:30  Stalker  
  50  9:31  Probe x2  
  52  9:39  Assimilator  
  52  9:41  Assimilator  
  52  9:49  Probe x2  
  54  9:58  Forge  
  54  10:02  Robotics Bay  
  54  10:18  Stalker x3  
  54  10:20  Probe x2  
  62  10:26  Protoss Ground Weapons Level 1  
  54  10:47  Disruptor  
  54  10:50  Gateway  
  54  10:51  Gateway  
  54  10:54  Pylon  
  57  11:02  Probe x2  
  58  11:13  Stalker x2  
  62  11:23  Dark Shrine  
  62  11:29  Disruptor  
  62  11:35  Pylon  
  65  11:58  Stalker x4  
  65  12:01  Observer, Protoss Ground Weapons Level 2  
  72  12:19  Stalker  
  74  12:38  Disruptor  
  74  12:40  Dark Templar  
  74  12:41  Dark Templar  
  81  12:50  Nexus  
  81  13:05  Disruptor  
  65  13:18  Stalker x4  
  74  13:30  Probe  
  74  13:31  Probe  
  74  13:36  Disruptor  
  77  13:43  Probe x2  
  77  13:55  Probe  
  78  13:56  Probe  
  78  13:58  Pylon  
  78  14:02  Photon Cannon  
  79  14:07  Observer  
  79  14:09  Robotics Facility  
  57  14:33  Stalker x3  
  57  14:34  Stalker x2  
  48  14:54  Disruptor  
  48  14:58  Dark Templar  
  48  14:59  Dark Templar  
  55  15:00  Stalker x3  
  59  15:22  Protoss Ground Weapons Level 3  
  59  15:24  Stalker x3  
  55  15:40  Assimilator  
  55  15:41  Probe x3  
  55  15:42  Assimilator  
  58  15:56  Stalker x3  
  64  16:01  Pylon  
  64  16:07  Stalker x2  
  51  16:33  Dark Templar  
  51  16:35  Zealot x4  
  51  16:36  Probe x3  
  59  16:41  Disruptor x2  
  57  16:48  Probe x3  
  66  17:00  Probe  
  67  17:09  Stalker x4  
  67  17:12  Stalker  
  48  17:46  Stalker x5  
  58  17:52  Probe x2  
  60  18:12  Photon Cannon  
  60  18:17  Stalker x2  
  64  18:43  Stalker x4  
  64  18:48  Disruptor  
  65  19:03  Probe x3  
  65  19:06  Assimilator  
  68  19:12  Disruptor  
  68  19:14  Disruptor  
  63  19:27  Probe  
  63  19:29  Probe x2  
  69  19:35  Probe  
  69  19:43  Probe  
Show
View Real Time Build Order
Export as new Build Order

NORTHAMERICA Protoss - Winner!

Build Orders: Blink Stalkers 

Get SALT Encoding   

  12  0:01  Probe  
  13  0:13  Probe  
  14  0:20  Pylon  
  14  0:25  Probe  
  15  0:35  Probe  
  15  0:40  Gateway  
  16  0:43  Probe  
  17  0:50  Assimilator  
  17  0:52  Probe  
  18  0:57  Assimilator  
  18  1:00  Probe  
  19  1:09  Probe  
  19  1:11  Gateway  
  20  1:20  Probe  
  21  1:30  Cybernetics Core  
  21  1:32  Probe  
  22  1:42  Pylon  
  22  1:45  Probe  
  23  1:54  Warp Gate  
  23  2:00  Probe  
  24  2:08  Stalker, Sentry  
  28  2:18  Pylon  
  28  2:30  Twilight Council  
  28  2:41  Blink  
  28  2:55  Nexus  
  28  2:57  Stalker  
  30  3:02  Stalker  
  33  3:12  Probe  
  33  3:24  Pylon  
  33  3:25  Probe  
  34  3:30  Stalker  
  36  3:37  Probe  
  37  3:44  Shield Battery  
  37  3:49  Probe  
  38  3:59  Sentry  
  38  4:01  Probe  
  41  4:12  Stalker  
  41  4:13  Probe  
  41  4:16  Shield Battery  
  40  4:25  Stalker, Probe  
  41  4:37  Sentry  
  42  4:39  Shield Battery  
  42  4:40  Shield Battery  
  42  4:41  Robotics Facility  
  42  4:50  Stalker  
  44  4:57  Pylon  
  44  5:04  Stalker  
  44  5:05  Shield Battery  
  46  5:22  Pylon  
  46  5:24  Pylon  
  46  5:25  Shield Battery  
  46  5:33  Immortal  
  50  5:44  Stalker  
  52  6:00  Robotics Bay  
  52  6:07  Pylon  
  52  6:12  Stalker  
  52  6:13  Observer  
  55  6:26  Pylon  
  55  6:28  Gateway  
  55  6:37  Disruptor  
  53  6:50  Stalker  
  58  7:00  Gateway  
  58  7:07  Gateway  
  58  7:13  Disruptor  
  61  7:26  Stalker  
  61  7:27  Stalker  
  57  7:54  Stalker x2  
  57  8:07  Disruptor  
  54  8:21  Nexus  
  54  8:34  Stalker  
  54  8:36  Warp Prism  
  58  8:51  Stalker  
  60  9:03  Stalker  
  62  9:10  Disruptor  
  48  9:34  Pylon  
  49  9:40  Observer  
  48  9:50  Assimilator  
  47  9:56  Stalker, Shield Battery  
  47  9:58  Stalker  
  47  9:59  Shield Battery  
  51  10:05  Stalker  
  53  10:14  Disruptor  
  53  10:19  Zealot x2  
  60  10:25  Stalker  
  60  10:40  Stalker x2  
  62  10:45  Assimilator  
  62  10:46  Disruptor  
  62  10:51  Probe  
  62  10:54  Probe  
  67  11:06  Stalker  
  69  11:12  Probe  
  69  11:13  Probe  
  69  11:17  Sentry  
  74  11:30  Nexus  
  73  11:33  Probe  
  73  11:35  Probe  
  73  11:39  Stalker  
  77  11:40  Stalker x2  
  77  11:45  Disruptor, Probe  
  83  12:03  Stalker x2  
  85  12:18  Disruptor  
  85  12:20  Nexus  
  85  12:22  Pylon  
  86  12:38  Forge  
  86  12:43  Shield Battery  
  86  12:49  Zealot  
  88  12:54  Observer  
  79  13:17  Photon Cannon  
  79  13:20  Adept x2  
  79  13:22  Adept x2  
  86  13:29  Photon Cannon  
  81  13:36  Observer  
  82  13:46  Photon Cannon  
  82  13:49  Stalker x2  
  82  13:51  Disruptor  
  87  14:08  Probe x2  
  87  14:09  Pylon  
  89  14:18  Stalker  
  82  14:35  Stalker x2  
  82  14:36  Stalker  
  73  14:56  Stalker  
  69  15:10  Observer  
  68  15:22  Stalker x2  
  68  15:25  Photon Cannon  
  68  15:26  Shield Battery  
  69  15:29  Disruptor  
  70  15:41  Probe  
  71  15:44  Stalker x2  
  71  15:45  Stalker x2  
  79  15:51  Probe  
  79  15:56  Disruptor  
  80  16:02  Shield Battery, Photon Cannon  
  80  16:05  Probe  
  80  16:07  Probe  
  80  16:09  Probe  
  86  16:25  Disruptor  
  88  16:37  Stalker  
  88  16:38  Stalker x2  
  92  16:49  Probe  
  92  16:51  Stalker, Assimilator  
  95  16:56  Probe  
  95  16:58  Observer  
  95  17:00  Pylon  
  96  17:02  Stalker  
  96  17:03  Stalker x2  
  101  17:24  Disruptor  
  75  17:48  Probe  
  75  17:50  Probe  
  77  17:51  Probe  
  77  17:52  Assimilator, Disruptor  
  77  17:56  Stalker x2  
  82  18:00  Probe  
  82  18:02  Probe  
  82  18:03  Probe  
  88  18:06  Nexus  
  88  18:07  Pylon  
  88  18:08  Stalker x2  
  88  18:12  Probe  
  93  18:14  Probe  
  93  18:15  Probe  
  95  18:24  Disruptor  
  95  18:26  Photon Cannon  
  95  18:30  Photon Cannon  
  95  18:33  Shield Battery  
  94  18:36  Stalker x2  
  94  18:38  Stalker  
  93  18:56  Observer  
  93  18:57  Stalker  
  93  19:01  Probe  
  97  19:02  Photon Cannon  
  97  19:05  Pylon  
  97  19:10  Zealot  
  93  19:17  Observer  
  93  19:20  Stalker  
  93  19:21  Stalker x2  
  97  19:30  Stalker  
  98  19:36  Observer  
  98  19:44  Stalker x3  
Tags
 
Composition
Blink Stalkers
League
Master
Matchup
PvP
Spawn Locations
Cross Positions
Add a new tag
Caveats
  • Supply blocks, unpowered buildings, or Contaminate may cause inaccurate times.
  • Supply counts are checked every 10 seconds.